AoeStats
← Bear&Jerry's

Coastal Forest

503130816Analyzed
4v4 RM · 1mo ago on Aug 30, 2026· 45m 23s· 8 players
Game mode
Random Map
Map size
Large (8 player)
Population
200
Speed
Normal
Resources
Standard
Victory
Conquest
Starting age
Dark Age
Ending age
Imperial Age
RankedLock teamsTeams togetherTeam positionsShared explorationLock speedFull tech treeHidden civsTurbo modeCheats
Victory
Defeat
🇨🇳 Jurchens · China
1097
+16
🇨🇳 Japanese · China
1084
+17
🇩🇪 Slavs · Germany
1039
+19
🇮🇳 Turks · India
1026
+19
🇬🇧 Romans · United Kingdom
1139
-20
🇫🇮 Portuguese · Finland
1120
-19
1072
-17
🇭🇺 Koreans · Hungary
1051
-16
Bear&Jerry's
3:57 Loom
12:25 Feudal Age
16:18 Castle Age
15:18 Double-Bit Axe
15:15 Horse Collar
16:37 Wheelbarrow
17:14 Bow Saw
19:00 Hand Cart
20:18 Heavy Plow
20:23 Stone Mining
22:18 Gold Mining
29:33 Imperial Age
27:44 Gold Shaft Mining
27:18 Scale Barding Armor
27:23 Forging
29:08 Chain Barding Armor
29:12 Ballistics
29:27 Masonry
29:58 Detinets
30:20 Bloodlines
30:11 Husbandry
30:50 Plate Barding Armor
29:40 Elite Boyar
31:26 Iron Casting
31:22 Conscription
31:55 Fletching
31:54 Town Watch
33:29 Two-Man Saw
33:01 Crop Rotation
34:49 Blast Furnace
33:45 Bodkin Arrow
35:30 Hoardings
37:27 Chemistry
36:30 Padded Archer Armor
36:31 Scale Mail Armor
43:17 Light Cavalry
43:48 Capped Ram
44:50 Siege Ram
MaharajaRaunak
11:37 Feudal Age
12:43 Double-Bit Axe
16:08 Castle Age
17:49 Wheelbarrow
28:10 Double-Bit Axe
28:10 Horse Collar
29:48 Stone Mining
29:49 Gold Mining
32:36 Forging
35:46 Scale Barding Armor
36:17 Iron Casting
38:52 Hand Cart
38:22 Town Watch
38:23 Loom
38:48 Heavy Plow
39:01 Bow Saw
40:04 Husbandry
40:13 Gold Mining
40:47 Town Patrol
43:59 Imperial Age
44:06 Heavy Camel Rider
Vtinglove
0:29 Loom
11:54 Feudal Age
12:26 Horse Collar
12:35 Double-Bit Axe
15:18 Fletching
16:34 Padded Archer Armor
26:23 Castle Age
25:42 Gold Mining
25:42 Stone Mining
27:04 Bodkin Arrow
27:23 Crossbowman
29:42 Gold Shaft Mining
34:50 Leather Archer Armor
36:01 Pikeman
41:24 Imperial Age
39:56 Caravan
40:09 Squires
39:54 Arson
40:58 Town Watch
41:50 Wheelbarrow
41:17 Arson
41:26 Halberdier
43:00 Heavy Plow
43:17 Scale Mail Armor
43:55 Forging
44:10 Conscription
45:08 Bow Saw
46:10 Chain Mail Armor
小子欸别跑
11:55 Feudal Age
16:03 Castle Age
15:40 Horse Collar
20:26 Loom
21:57 Wheelbarrow
25:36 Fishing Lines
27:39 Hand Cart
32:33 Imperial Age
30:28 Ballistics
31:17 Town Watch
32:08 Forging
31:49 Fletching
32:42 Treadmill Crane
34:20 Chemistry
33:44 Conscription
33:45 Heavy Cavalry Archer
34:21 Gold Mining
34:22 Stone Mining
34:33 Bodkin Arrow
35:16 Iron Casting
37:47 Bracer
38:48 Blast Furnace
38:13 Bloodlines
38:03 Husbandry
41:23 Siege Engineers
40:47 Elite Steppe Lancer
43:19 Scale Barding Armor
43:15 Padded Archer Armor
44:57 Fortified Wall
northern_monk
6:40 Loom
9:27 Feudal Age
10:54 Wheelbarrow
11:07 Double-Bit Axe
11:36 Horse Collar
21:16 Castle Age
20:16 Stone Mining
23:53 Bloodlines
23:45 Husbandry
23:51 Scale Barding Armor
24:15 Bow Saw
25:20 Heavy Plow
25:18 Town Watch
25:42 Gold Mining
26:37 Light Cavalry
28:20 Forging
29:28 Hand Cart
35:46 Imperial Age
34:24 Chain Barding Armor
33:36 Pikeman
34:16 Squires
34:18 Scale Mail Armor
36:21 Iron Casting
35:55 Cavalier
37:12 Conscription
37:08 Chain Mail Armor
37:35 Gold Shaft Mining
37:38 Halberdier
39:40 Blast Furnace
39:11 Town Patrol
Matti
7:01 Loom
9:12 Feudal Age
10:58 Town Watch
15:11 Castle Age
15:44 Horse Collar
17:53 Double-Bit Axe
24:58 Imperial Age
27:43 Wheelbarrow
30:04 Husbandry
30:53 Bloodlines
31:19 Fletching
31:34 Scale Barding Armor
31:30 Scale Mail Armor
31:41 Forging
31:43 Cavalier
33:42 Chemistry
32:51 Treadmill Crane
35:09 Chain Barding Armor
36:20 Plate Barding Armor
37:51 Bombard Tower
38:22 Conscription
38:56 Arquebus
39:07 Bodkin Arrow
39:23 Gambesons
39:01 Pikeman
41:01 Murder Holes
41:27 Ballistics
44:59 Masonry
45:37 Iron Casting
45:08 Bracer
Tomi
11:31 Feudal Age
13:18 Feudal Age
13:54 Double-Bit Axe
21:39 Castle Age
24:43 Elite Skirmisher
28:24 Fletching
28:27 Horse Collar
29:42 Bodkin Arrow
31:08 Thumb Ring
FlemishTwoHandedSwordsman
11:12 Feudal Age
11:15 Man-at-Arms
16:43 Castle Age
26:43 Double-Bit Axe
30:19 Wheelbarrow
31:05 Long Swordsman
31:31 Gambesons
33:09 Horse Collar
33:42 Bow Saw
34:22 Pikeman
35:06 Scale Mail Armor
35:12 Squires
38:15 Hand Cart
44:14 Imperial Age
Connection lost

Rejoining the realm…

Still unreachable

The connection could not be restored.

Session expired

The server has moved on; the page needs a fresh start.